 Dungeon Crawl Stone Soup version 0.27-b1-42-g19c61b19a5 (webtiles) character file.

Game seed: 4406223475387426065

38 Descartes the Scratcher (level 3, -3/15 HPs)
             Began as a Felid Transmuter on July 30, 2021.
             Slain by a hound (4 damage)
             ... on level 2 of the Dungeon.
             The game lasted 00:03:56 (1469 turns).

Descartes the Scratcher (Felid Transmuter)          Turns: 1469, Time: 00:03:57

Health: -3/15      AC:  1    Str:  7    XL:     3   Next: 25%
Magic:  7/7        EV: 18    Int: 14    God:
Gold:   5          SH:  0    Dex: 16    Spells: 5/6 levels left
                                        Lives:  0   Deaths: 0

rFire    . . .     SeeInvis +     - Unarmed
rCold    . . .     Faith    .   (shield unavailable)
rNeg     . . .     Spirit   .   (armour unavailable)
rPois    .         Reflect  .   (helmet unavailable)
rElec    .         Harm     .   (cloak unavailable)
rCorr    .         Rampage  .   (gloves unavailable)
Will     .....                  (boots unavailable)
Stlth    ++........             (no amulet)
HPRegen  0.05/turn              (no ring)
MPRegen  0.10/turn              (no ring)

@: quick
A: very small, claws 1, fangs 3, see invisible, speed 1, shaggy fur 1, stealthy
paws, no weapons or thrown items, no armour, multi-lived
a: no special abilities


You were on level 2 of the Dungeon.
You visited 1 branch of the dungeon, and saw 2 of its levels.

You collected 5 gold pieces.

Inventory:

Jewellery
 a - an amulet of faith
 b - a +6 ring of strength
Scrolls
 d - a scroll of magic mapping {unknown}
 f - a scroll of fear {unknown}
 g - 3 scrolls of identify {unknown}
 h - a scroll of summoning {unknown}
Potions
 c - 2 potions of haste {unknown}
 e - a potion of might {unknown}


   Skills:
 - Level 1.0 Fighting
 + Level 3.4 Dodging
 + Level 2.1 Stealth
 + Level 3.4 Unarmed Combat
 - Level 2.0 Spellcasting
 - Level 2.6 Transmutations


You had 5 spell levels left.
You knew the following spells:

 Your Spells              Type           Power      Damage    Failure   Level
a - Beastly Appendage     Tmut           16%        N/A       9%          1

Your spell library contained the following spells:

 Spells                   Type           Power      Damage    Failure   Level
 Wereblood                Tmut           8%         N/A       12%         2
 Slow                     Hex            1%         N/A       34%         2
 Spider Form              Tmut/Pois      2%         N/A       38%         3
 Confusing Touch          Hex            1%         N/A       56%         3
 Vampiric Draining        Necr           0%         2d6       56%         3
 Ice Form                 Ice/Tmut       5%         N/A       80%         4


Dungeon Overview and Level Annotations

Branches:
Dungeon (2/15)

Altars:
Trog


Innate Abilities, Weirdness & Mutations

You have sharp claws.
You have razor-sharp teeth.
You have supernaturally acute eyesight. (SInv)
You cover ground quickly. (Speed+)
You are covered in fur. (AC +1)
Your paws help you pounce on unaware monsters.
You are incapable of wielding weapons or throwing items.
You cannot wear armour.
You gain extra lives every three experience levels.


Message History

The jackal is severely wounded.
The jackal completely misses you.
You barely miss the jackal.
The jackal is severely wounded.
The jackal bites you.
You claw the jackal!
You kill the jackal!
Items here: ††††.
You are not religious.
You are not religious.
Your transformation is almost over.
Your horns disappear.
A quokka comes into view.
The quokka moves out of view.
A hound is nearby!
Casting: Beastly Appendage (safe; 9% risk of failure)
Confirm with . or Enter, or press ? or * to list all spells.
You grow a pair of large bovine horns.
The hound barely misses you.
You miss the hound. The hound completely misses you.
You scratch the hound.
The hound is lightly wounded.
The hound bites you. x2
You miss the hound. Your bite misses the hound.
The hound is lightly wounded.
Your transformation is almost over.
The hound bites you.
* * * LOW HITPOINT WARNING * * *
You scratch the hound.
The hound is moderately wounded.
The hound misses you. The hound closely misses you.
The quokka completely misses you. The hound bites you.
* * * LOW HITPOINT WARNING * * *
The quokka completely misses you. The quokka barely misses you.
The hound barely misses you.
Your horns disappear.
The hound bites you.
You die...

#.##.#........# #^
#........# ...
#........# #
....#.....†..#.#
..$............####
..###......<......#
......r......#####
#.###.##h####.# ...
#@# .# ..### #.# .#
. #.# # #.# #.# #.#
#.# #.#


You could see a hound and a quokka.

Vanquished Creatures
  A dart slug (D:1)
  A ball python (D:2)
  2 bats
  An endoplasm (D:1)
  A giant cockroach (D:1)
  4 hobgoblins (D:1)
  8 jackals
  2 quokkas (D:1)
  3 frilled lizards
  5 goblins (D:1)
  A kobold (D:1)
29 creatures vanquished.

Vanquished Creatures (others)
  2 plants (D:1)
2 creatures vanquished.

Grand Total: 31 creatures vanquished

Notes
Turn   | Place    | Note
-------+----------+-------------------------------------------
     0 | D:1      | Descartes the Felid Transmuter began the quest for the Orb.
     0 | D:1      | Reached XP level 1. HP: 9/9 MP: 4/4
   440 | D:1      | Reached skill level 1 in Stealth
   444 | D:1      | Reached XP level 2. HP: 8/12 MP: 4/6
  1122 | D:1      | Found a faded altar of an unknown god.
  1126 | D:1      | Became a worshipper of Trog the Wrathful
  1126 | D:1      | Reached * piety under Trog
  1127 | D:1      | Fell from the grace of Trog
  1356 | D:2      | Reached XP level 3. HP: 15/15 MP: 5/7
  1469 | D:2      | Slain by a hound

Illustrated notes

Levels and vault maps discovered:
D:1:      psy_arrival_dodecagon, layout_basic,
          shapermc_ecumenical_altar_mp_ritualfount
D:2:      layout_rooms, serial_shops, nicolae_shop_competitors_out_of_business

Skill      XL: |  1  2  3 |
---------------+----------+-----
Dodging        | 3 |  3.4
Stealth        | 1 2 |  2.1
Fighting       | |  1.0
Unarmed Combat | |  3.4
Spellcasting   | |  2.0
Transmutations | |  2.6

Action                   || total
-------------------------++-------
Melee: Unarmed           ||    80
       Bite              ||     8
       Headbutt          ||     7
       Punch             ||     2
 Cast: Beastly Appendage ||    16
Invok: Renounce Religion ||     1
 Stab: Sleeping          ||     2
Armor: Skin              ||     5
Dodge: Dodged            ||    75
